 Dungeon Crawl Stone Soup version 0.29.1-debian-4-g95531337e3 (webtiles) character file.

Game seed: 9335255011777841325

2 Dreamer the Shield-Bearer (level 1, 0/18 HPs)
             Began as a Formicid Fighter on Sept 13, 2022.
             Slain by a quokka (2 damage)
             ... on level 1 of the Dungeon.
             The game lasted 00:00:27 (97 turns).

Dreamer the Shield-Bearer (Formicid Fighter)          Turns: 97, Time: 00:00:28

Health: 0/18       AC:  6    Str: 20    XL:     1   Next: 33%
Magic:  1/1        EV:  9    Int:  7    God:
Gold:   8          SH:  5    Dex: 13    Spells: 0/0 levels left

rFire   . . .      SeeInvis +   a - +0 flail
rCold   . . .      Faith    .   c - +0 buckler
rNeg    . . .      Spirit   .   b - +0 scale mail
rPois   .          Reflect  .   (helmet unavailable)
rElec   .          Harm     .   (no cloak)
rCorr   .          Rampage  .   (no gloves)
Will    .....                   (no boots)
Stlth   ..........              (no amulet)
HPRegen 0.06/turn               (no ring)
MPRegen 0.07/turn               (no ring)

@: no status effects
A: permanent stasis, dig shafts and tunnels, antennae 3, four strong arms
a: Dig, Shaft Self


You were on level 1 of the Dungeon.
You visited 1 branch of the dungeon, and saw 1 of its levels.

You collected 8 gold pieces.

Inventory:

Hand Weapons
 a - a +0 flail (weapon)
Armour
 b - a +0 scale mail (worn)
 c - a +0 buckler (worn)
 g - a +0 tower shield
Scrolls
 e - a scroll of immolation {unknown}
 i - a scroll of teleportation {unknown}
Potions
 d - a potion of might
 f - a potion of attraction {unknown}
 h - a potion of resistance {unknown}


   Skills:
 + Level 3.3 Fighting
 * Level 2.0 Maces & Flails
 + Level 3.3 Armour
 + Level 4.0 Shields


You couldn't memorise any spells.
You didn't know any spells.
Your spell library was empty.

Dungeon Overview and Level Annotations

Branches:
Dungeon (1/15)

Altars:


Innate Abilities, Weirdness & Mutations

You cannot be hasted, slowed, berserked, paralysed or teleported.
You can dig through walls and to a lower floor.
You have a pair of large antennae on your head. (SInv)
Your four strong arms can wield two-handed weapons with a shield.


Message History

The frilled lizard hisses angrily.
You block the frilled lizard's attack.
You closely miss the frilled lizard. The frilled lizard bites you.
You thump the frilled lizard!
You kill the frilled lizard!
f - a pink potion HP restored.
Found a buckler.
Found a tower shield.
A hobgoblin comes into view.
The hobgoblin shouts!
You thump the hobgoblin!
You kill the hobgoblin!
You see here a +0 tower shield.
g - a +0 tower shield
Found a stone staircase leading down.
You now have 8 gold pieces.
h - a white potion A quokka comes into view.
Found a stone staircase leading down.
You see here a scroll labelled FIFRIH BYSTOU.
i - a scroll labelled FIFRIH BYSTOU The quokka bites you.
You hit the quokka but do no damage. The quokka closely misses you.
You barely miss the quokka.
The quokka bites you but does no damage.
The quokka closely misses you.
You miss the quokka. The quokka closely misses you.
You closely miss the quokka. The quokka bites you. x2
You completely miss the quokka. You block the quokka's attack.
You barely miss the quokka. The quokka bites you.
* * * LOW HITPOINT WARNING * * *
The quokka bites you.
* * * LOW HITPOINT WARNING * * *
You barely miss the quokka. The quokka closely misses you.
The quokka bites you but does no damage.
You barely miss the quokka.
The quokka bites you but does no damage.
You barely miss the quokka. The quokka bites you.
You die...

###............###........#
############............#
#####........# .
##...........#
..###..##........#
.....>#..........#
.............#####
..............#
.......@......#
.......r......#
..........)...#
..............#
..............#
.....>.......##
............##
######..#####


You could see a quokka.

Vanquished Creatures
  A hobgoblin (D:1)
  A frilled lizard (D:1)
2 creatures vanquished.

Notes
Turn   | Place    | Note
-------+----------+-------------------------------------------
     0 | D:1      | Dreamer the Formicid Fighter began the quest for the Orb.
     0 | D:1      | Reached XP level 1. HP: 18/18 MP: 1/1
    97 | D:1      | Slain by a quokka

Illustrated notes

Levels and vault maps discovered:
D:1:      saegor_arrival_simple_a, layout_rooms, minmay_misc_feat_x

Action                   || total
-------------------------++-------
Melee: Flail             ||    12
Armor: Scale mail        ||     3
Dodge: Dodged            ||     4
Block: Buckler           ||     2
